 Seeded DCSS version 0.30.1-11-g7821555f0a (webtiles) character file.

Game seed: 430007637681659361 (custom seed)

201 mattiecakes the Covered (level 5, -1/33 HPs)
             Began as a Gargoyle Fighter on Nov 10, 2023.
             Was a Follower of Sif Muna.
             Slain by an orc
             ... wielding a +0 dagger
              (3 damage)
             ... on level 3 of the Dungeon.
             The game lasted 00:04:53 (1397 turns).

mattiecakes the Covered (Gargoyle Fighter)          Turns: 1397, Time: 00:04:54

Health: -1/33      AC: 13    Str: 21    XL:     5   Next: 79%
Magic:  6/6        EV:  9    Int:  9    God:    Sif Muna [*.....]
Gold:   91         SH:  4    Dex:  9    Spells: 4/5 levels left

rFire   . . .        g - +3 war axe
rCold   . . .        c - +0 buckler
rNeg    + . .        b - +0 scale mail
rPois   ∞            n - +0 helmet
rElec   +            (no cloak)
rCorr   .            p - +0 pair of gloves
SInv    .            (no boots)
Will    .....        (no amulet) Stlth
                     j - ring of flight
HPRegen 0.25/turn    (no ring)
MPRegen 0.10/turn

%: no passive effects
@: flying
A: sickness immunity, AC +4, negative energy resistance 1, electricity
resistance, torment resistance 1, petrification resistance
a: Renounce Religion, Channel Magic


You were on level 3 of the Dungeon.
You worshipped Sif Muna.
Sif Muna was aware of your devotion.
You visited 1 branch of the dungeon, and saw 3 of its levels.

You collected 91 gold pieces.

Inventory:

Hand Weapons
 g - a +3 war axe (weapon)
Armour
 b - a +0 scale mail (worn)
 c - a +0 buckler (worn)
 n - a +0 helmet (worn)
 p - a +0 pair of gloves (worn)
Jewellery
 j - a ring of flight (left hand)
Wands
 d - a wand of flame (26)
Scrolls
 f - a scroll of amnesia {unknown}
 h - a scroll of identify
 i - a scroll of brand weapon {unknown}
 l - a scroll of fear {unknown}
 o - 4 scrolls of acquirement {unknown}
Potions
 e - a potion of attraction {unknown}
 k - a potion of cancellation
 m - a potion of ambrosia {unknown}


   Skills:
 + Level 4.1 Fighting
 + Level 3.2 Axes
 + Level 4.2 Armour
 - Level 0.3 Dodging
 - Level 0.1 Stealth
 + Level 4.0 Shields
 + Level 0.9 Spellcasting
 + Level 1.3 Earth Magic


You had 4 spell levels left.
You knew the following spells:

 Your Spells              Type           Power      Damage    Failure   Level
a - Sandblast             Erth           4%         2d4       56%         1

Your spell library contained the following spells:

 Spells                   Type           Power      Damage    Failure   Level
 Passwall                 Tmut/Erth      0%         N/A       80%         2
 Stone Arrow              Conj/Erth      2%         3d7       95%         3


Dungeon Overview and Level Annotations

Branches:
Dungeon (3/15)

Altars:
Kikubaaqudgha
Nemelex Xobeh
Sif Muna


Innate Abilities, Weirdness & Mutations

You are immune to sickness and miasma.
Your stone body is resilient. (AC +4)
You are immune to poison.
You resist negative energy. (rN+)
You are resistant to electric shocks. (rElec)
You are resistant to unholy torment.
You are immune to petrification.


Message History

Sif Muna accepts your kill.
An orc comes into view. It is wielding a +0 dagger.
The orc barely misses you.
You barely miss the orc.
The orc is moderately wounded.
The orc priest invokes the aid of Beogh against you.
Beogh smites you!
* * * LOW HITPOINT WARNING * * *
The orc hits you but does no damage.
You hit the orc.
You kill the orc!
Sif Muna accepts your kill.
The orc throws a boomerang.
The boomerang hits you.
* * * LOW HITPOINT WARNING * * *
Unknown command.
You feel better.
You slash the orc!
You kill the orc!
Sif Muna accepts your kill. The orc priest barely misses you.
You closely miss the orc priest. The orc priest barely misses you.
You hit the orc priest.
The orc priest is lightly wounded.
The orc priest hits you but does no damage. x2
You slash the orc priest!
The orc priest is heavily wounded.
The orc priest invokes the aid of Beogh against you.
Beogh smites you!
* * * LOW HITPOINT WARNING * * *
You hit the orc priest.
The orc priest is almost dead.
The orc priest mumbles some strange prayers to Beogh against you.
Pain shoots through your body!
* * * LOW HITPOINT WARNING * * *
You hit the orc priest.
You kill the orc priest!
Sif Muna accepts your kill. You block the orc's attack.
You barely miss the orc. The orc hits you with a +0 dagger.
You die...

###########
#:....o@..#
#.######.##
#.......#
#.####..#
#.......#
#.####.##.#
#......##.#
######.##.#
#.....##.#


You could see an orc.

Vanquished Creatures
  An orc priest (D:3)
  A hound (D:3)
  Terence (D:2)
  3 gnolls (D:3)
  2 adders (D:2)
  A dart slug (D:1)
  7 orcs (D:3)
  2 endoplasms
  5 giant cockroaches
  3 goblins
  7 hobgoblins
  2 jackals (D:3)
  3 quokkas
  7 ball pythons
  10 bats
  A frilled lizard (D:1)
  A kobold (D:1)
  5 rats
62 creatures vanquished.

Notes
Turn   | Place    | Note
-------+----------+-------------------------------------------
     0 | D:1      | mattiecakes the Gargoyle Fighter began the quest for the
                  | Orb.
     0 | D:1      | Reached XP level 1. HP: 14/14 MP: 1/1
   141 | D:1      | Reached XP level 2. HP: 19/19 MP: 2/2
   473 | D:1      | Reached XP level 3. HP: 23/23 MP: 3/3
   675 | D:2      | Noticed Terence
   686 | D:2      | Killed Terence
   687 | D:2      | Reached XP level 4. HP: 29/29 MP: 4/4
  1035 | D:2      | Found a faded altar of an unknown god.
  1042 | D:2      | Prayed at the altar of an unknown god.
  1042 | D:2      | Became a worshipper of Sif Muna the Loreminder
  1042 | D:2      | Reached * piety under Sif Muna
  1045 | D:2      | Learned a level 1 spell: Sandblast
  1088 | D:2      | Found an ancient bone altar of Kikubaaqudgha.
  1176 | D:3      | Reached XP level 5. HP: 26/33 MP: 5/5
  1299 | D:3      | Found a sparkling altar of Nemelex Xobeh.
  1310 | D:3      | Reached skill level 1 in Earth Magic
  1395 | D:3      | HP: 1/33 [orc priest/nerve-wracking pain (6)]
  1397 | D:3      | Slain by an orc

Illustrated notes

Levels and vault maps discovered:
D:1:      wander_arrival_chamber, layout_basic, kennysheep_boxes
D:2:      layout_rooms, dilly_ecumenical_altar_fadedgnrine, basic_altar,
          uniq_terence
D:3:      layout_basic, mainiacjoe_overflow_swirl, jmf_multi_god_temple,
          minmay_puff

Skill      XL: |  1  2  3  4  5 |
---------------+----------------+-----
Axes           | 2 3 |  3.2
Armour         | 4 |  4.2
Fighting       | 4 |  4.1
Earth Magic    | 1 |  1.3
Shields        | 4 |  4.0
Dodging        | |  0.3
Stealth        | |  0.1
Spellcasting   | |  0.9

Action                     |  1- 3 |  4- 6 || total
---------------------------+-------+-------++-------
  Melee: War axe           |    82 |    82 ||   164
    Use: Potion            |     1 |     2 ||     3
         Scroll            |       |     3 ||     3
 Armour: Scale mail        |    48 |    46 ||    94
  Dodge: Dodged            |    47 |    25 ||    72
  Block: Buckler           |    20 |    18 ||    38
